 Dungeon Crawl Stone Soup version 0.27-a0-1193-g8631133539 (webtiles) character file.

Game seed: 4869794402931920625

1258 avis the Reanimator (level 8, -11/62 HPs)
             Began as a Deep Dwarf Necromancer on May 27, 2021.
             Mangled by an ogre
             ... wielding a +0 giant club
              (20 damage)
             ... on level 4 of the Dungeon.
             The game lasted 00:44:12 (6799 turns).

avis the Reanimator (Deep Dwarf Necromancer)        Turns: 6799, Time: 00:44:13

Health: -11/62     AC: 16    Str: 11    XL:     8   Next: 27%
Magic:  1/10       EV:  9    Int: 17    God:
Gold:   254        SH:  0    Dex: 14    Spells: 6/11 levels left

rFire    . . .     SeeInvis .   a - +1 flail (protect)
rCold    . . .     Faith    .   (no shield)
rNeg     + . .     Spirit   .   y - +0 scale mail
rPois    +         Reflect  .   (no helmet)
rElec    .         Harm     .   C - +2 ratskin cloak {*Rats rPois rN+ Str-1 Int-1 Dex+1}
rCorr    .         Rampage  .   (no gloves)
Will     +....                  (no boots)
Stlth    +.........             (no amulet)
HPRegen  0.00/turn              (no ring)
MPRegen  0.12/turn              (no ring)

@: under a protective aura
A: damage resistance, heal wounds, sense surroundings 1, no regeneration
a: Heal Wounds


You were on level 4 of the Dungeon.
You visited 1 branch of the dungeon, and saw 5 of its levels.
You also visited: Sewer.

You collected 254 gold pieces.

Inventory:

Hand Weapons
 a - a +1 flail of protection (weapon)
 e - a +0 dagger
 k - a +0 spear
 H - a +0 shortbow
 J - a +2 dagger of freezing
Missiles
 m - 98 arrows
 n - 73 stones
 o - 4 atropa-tipped darts
 E - 2 boomerangs
 K - 54 sling bullets
Armour
 f - a +0 robe
 g - a +0 leather armour
 u - a +0 ring mail
 w - a +0 chain mail
 y - a +0 scale mail (worn)
 C - the +2 ratskin cloak (worn) {*Rats rPois rN+ Str-1 Int-1 Dex+1}
   (You found it on level 4 of the Dungeon)

   It affects your strength (-1).
   It affects your intelligence (-1).
   It affects your dexterity (+1).
   It protects you from poison.
   It protects you from negative energy.
 I - a +1 chain mail of poison resistance
Magical Staves
 l - a staff of poison
 x - a staff of air
Wands
 G - a wand of flame (19)
Scrolls
 b - 2 scrolls of teleportation {unknown}
 h - 2 scrolls of enchant armour {unknown}
 r - 3 scrolls of blinking {unknown}
 s - a scroll of summoning {unknown}
 t - a scroll of holy word {unknown}
 v - 5 scrolls of identify {unknown}
 B - a scroll of silence {unknown}
 F - a scroll of fear {unknown}
Potions
 c - 2 potions of attraction {unknown}
 d - a potion of magic {unknown}
 i - 2 potions of flight {unknown}
 j - a potion of brilliance {unknown}
 p - a potion of heal wounds {unknown}
 q - a potion of invisibility {unknown}
 z - a potion of lignification {unknown}
 A - 2 potions of curing
 D - 3 potions of cancellation {unknown}


   Skills:
 + Level 0.2 Fighting
 - Level 2.1 Dodging
 - Level 3.0 Stealth
 - Level 2.0 Spellcasting
 + Level 10.2 Necromancy
 + Level 6.4 Evocations


You had 6 spell levels left.
You knew the following spells:

 Your Spells              Type           Power      Damage    Failure   Level
a - Pain                  Necr           100%       1d9       1%          1
c - Animate Skeleton      Necr           72%        N/A       1%          1
d - Vampiric Draining     Necr           18%        2d8       5%          3

Your spell library contained the following spells:

 Spells                   Type           Power      Damage    Failure   Level
 Animate Dead             Necr           18%        N/A       19%         4
 Agony                    Necr           36%        N/A       45%         5
 Beastly Appendage        Tmut           2%         N/A       77%         1
 Corona                   Hex            1%         N/A       77%         1
 Slow                     Hex            1%         N/A       88%         2
 Wereblood                Tmut           1%         N/A       88%         2
 Inner Flame              Hex/Fire       1%         N/A       98%         3
 Portal Projectile        Hex/Tloc       2%         N/A       98%         3
 Spider Form              Tmut/Pois      0%         N/A       98%         3
 Cause Fear               Hex            0%         N/A       100%        4
 Ice Form                 Ice/Tmut       1%         N/A       100%        4
 Leda's Liquefaction      Hex/Erth       0%         N/A       100%        4
 Hydra Form               Tmut           0%         N/A       100%        5


Dungeon Overview and Level Annotations

Branches:
Dungeon (5/15)              Sewer (visited)
 Temple: D:4-7

Altars:
Kikubaaqudgha
Qazlal
Trog
The Shining One

Annotations:
D:3 3 runed translucent doors, hgbash's ghost, amateur DsBe


Innate Abilities, Weirdness & Mutations

You are resistant to damage.
You can heal yourself by infusing magical energy.
You passively map a small area around you.
You do not regenerate.


Message History

Aiming: Vampiric Draining (dangerous; 5% risk of failure)
Press: ? - help, Shift-Dir - straight line, f - ogre
Aim: an ogre, wielding a +0 giant club You draw life force from the ogre.
You feel life coursing into your body. The ogre hits you with a +0 giant club!
* * * LOW HITPOINT WARNING * * *
Casting: Vampiric Draining (dangerous; 5% risk of failure)
Confirm with . or Enter, or press ? or * to list all spells.
Aiming: Vampiric Draining (dangerous; 5% risk of failure)
Press: ? - help, Shift-Dir - straight line, f/p - ogre
Aim: an ogre, wielding a +0 giant club (lightly wounded)
You draw life force from the ogre!
You feel life coursing into your body. The ogre completely misses you.
Casting: Vampiric Draining (dangerous; 5% risk of failure)
Confirm with . or Enter, or press ? or * to list all spells.
Aiming: Vampiric Draining (dangerous; 5% risk of failure)
Press: ? - help, Shift-Dir - straight line, f/p - ogre
Aim: an ogre, wielding a +0 giant club (moderately wounded)
You draw life force from the ogre!
You feel life coursing into your body.
Casting: Vampiric Draining (dangerous; 5% risk of failure)
Confirm with . or Enter, or press ? or * to list all spells.
Aiming: Pain (safe; 1% risk of failure)
Press: ? - help, Shift-Dir - straight line, f/p - ogre
Aim: an ogre, wielding a +0 giant club (severely wounded, chance to affect: 84%)
The ogre writhes in agony.
The ogre hits you with a +0 giant club!
* * * LOW HITPOINT WARNING * * *
You hit the ogre.
Your weapon exudes an aura of protection.
The ogre is almost dead.
The ogre barely misses you.
Your scale mail prevents you from hitting the ogre.
The ogre is almost dead.
The ogre hits you but does no damage.
You hit the ogre.
The ogre is almost dead.
The ogre barely misses you.
You barely miss the ogre.
The ogre is almost dead.
The ogre hits you with a +0 giant club!!
You die...

#.....##....##.................
##.....#....##..............##.
##...........#................#.
#÷#........###..................
##.#......##...................#.
................#........<.....##
#..##..##....#...................
#######......#.............#.....
#..#._....#..@..###...####....
##............O..###......#....
#......#.####.....##....#......
##.....#.......#.##............
#####.#.....#.#.##.......>..####.
..##..##...#########........# #..
....##.....#####......###...# ##.
.....†................# #..#####.
#.##......##.#.......####........


You could see an ogre.

Vanquished Creatures
  Edmund (D:5)
  Duvessa (D:5)
  A black bear (D:4)
  A centaur (D:5)
  2 bullfrogs (Sewer)
  A scorpion (D:4)
  Dowan (D:5)
  A howler monkey (D:4)
  A bullfrog skeleton (D:5)
  A jelly (D:1)
  3 orc priests (D:4)
  Natasha (thrice) (D:2)
  An iguana (D:4)
  2 gnolls (D:1)
  12 adders
  A worm (D:3)
  A dart slug (D:3)
  9 orcs
  8 bats
  22 endoplasms
  13 giant cockroaches
  4 goblins
  7 hobgoblins
  4 jackals (D:1)
  18 quokkas
  13 ball pythons
  20 frilled lizards
  7 kobolds
  4 rats
163 creatures vanquished.

Vanquished Creatures (collateral kills)
  A phantom (D:3)
1 creature vanquished.

Vanquished Creatures (others)
  A fungus (D:3)
  3 plants (D:3)
4 creatures vanquished.

Grand Total: 168 creatures vanquished

Notes
Turn   | Place    | Note
-------+----------+-------------------------------------------
     0 | D:1      | avis the Deep Dwarf Necromancer began the quest for the
                  | Orb.
     0 | D:1      | Reached XP level 1. HP: 15/15 MP: 3/3
   141 | D:1      | Learned a level 1 spell: Animate Skeleton
   207 | D:1      | Reached skill level 5 in Necromancy
   207 | D:1      | Reached XP level 2. HP: 19/22 MP: 1/5
   465 | D:1      | Reached XP level 3. HP: 24/28 MP: 3/6
   472 | D:1      | Learned a level 3 spell: Vampiric Draining
   928 | D:1      | Found a faded altar of an unknown god.
  1253 | D:1      | Reached skill level 6 in Necromancy
  1253 | D:1      | Reached XP level 4. HP: 31/36 MP: 0/7
  1343 | D:2      | Noticed Natasha
  1349 | D:2      | Killed Natasha
  1681 | D:2      | Noticed Natasha
  1688 | D:2      | Killed Natasha
  1689 | D:2      | Reached skill level 1 in Evocations
  1689 | D:2      | Reached XP level 5. HP: 38/42 MP: 0/8
  1817 | D:2      | Noticed Natasha
  1826 | D:2      | Killed Natasha
  2334 | D:3      | Found a glowing golden altar of the Shining One.
  2390 | D:3      | Reached skill level 7 in Necromancy
  3013 | D:3      | Found a runed translucent gate.
  3014 | D:3      | Found a runed translucent gate.
  3015 | D:3      | Found a runed translucent gate.
  3023 | D:3      | Noticed hgbash's ghost (amateur DsBe)
  3632 | D:4      | Reached XP level 6. HP: 7/49 MP: 1/9
  3645 | D:4      | HP: 2/49 [orc priest/divine providence (10)]
  3672 | D:4      | Found a glowing drain.
  3713 | Sewer    | Entered a sewer
  4935 | Sewer    | Reached skill level 8 in Necromancy
  4960 | Sewer    | Reached XP level 7. HP: 18/55 MP: 1/9
  5097 | D:4      | Found a stormy altar of Qazlal.
  5178 | D:4      | Found the +2 ratskin cloak {*Rats rPois rN+ Str-1 Int-1
                  | Dex+1}
  5593 | D:4      | Found a bloodstained altar of Trog.
  5767 | D:4      | Reached skill level 9 in Necromancy
  5927 | D:4      | Found an ancient bone altar of Kikubaaqudgha.
  6052 | D:5      | Entered Level 5 of the Dungeon
  6063 | D:5      | Reached skill level 5 in Evocations
  6081 | D:5      | Noticed Duvessa
  6152 | D:5      | Killed Duvessa
  6153 | D:5      | Noticed Dowan
  6233 | D:5      | Killed Dowan
  6287 | D:5      | Noticed Edmund
  6299 | D:4      | Reached XP level 8. HP: 46/62 MP: 0/10
  6418 | D:5      | Killed Edmund
  6419 | D:5      | Reached skill level 10 in Necromancy
  6799 | D:4      | Mangled by an ogre

Illustrated notes

Levels and vault maps discovered:
D:1:      roderic_octagonal_star, layout_basic, ebering_ecumenical_altar_webs
D:2:      layout_loops_ring, uniq_natasha
D:3:      layout_basic, tso_metal_star, gammafunk_ghost_nasty_kobolds
D:4:      cheibrodos_quashed, layout_cave_pools, bloody_trog,
          kennysheep_little_box, nicolae_qazlal_scattered_showers,
          gup_sewer_entry_pipe, minmay_ruptured
D:5:      layout_loops_cross, uniq_edmund, uniq_duvessa

Skill      XL: |  1  2  3  4  5  6  7  8 |
---------------+-------------------------+-----
Spellcasting   | 2 |  2.0
Necromancy     | 5 6 7 8 9 10 | 10.2
Stealth        | 3 |  3.0
Evocations     | 1 2 4 5 6 |  6.4
Fighting       | |  0.2
Dodging        | |  2.1

Action                   |  1- 3 |  4- 6 |  7- 9 || total
-------------------------+-------+-------+-------++-------
Melee: Staff             |     9 |   160 |   115 ||   284
       Spear             |       |     5 |       ||     5
       Flail             |       |       |    14 ||    14
 Cast: Pain              |    49 |   118 |     1 ||   168
       Vampiric Draining |     4 |    34 |    36 ||    74
       Animate Skeleton  |       |     1 |     2 ||     3
 Abil: Heal Wounds       |       |     4 |     1 ||     5
Armor: Leather armour    |     7 |     3 |       ||    10
       Ring mail         |       |   101 |    61 ||   162
       Scale mail        |       |       |    35 ||    35
Dodge: Dodged            |    15 |   166 |    83 ||   264

Table legend: (Time is in decaauts)
 A = Elapsed time spent in this place.
 B = Non-inter-level travel time spent in this place.
 C = Inter-level travel time spent in this place.
 D = Time resting spent in this place.
 E = Time spent auto-exploring this place.
 F = Levels seen in this place.
 G = Mean time per level.
                   A        B        C        D        E       F      G
               +--------+--------+--------+--------+--------+-----+--------+
         Total |   6933 |   6579 |    354 |   2668 |   2125 |   6 | 1155.5 |
       Dungeon |   5496 |   5142 |    354 |   1749 |   2125 |   5 | 1099.2 |
         Sewer |   1437 |   1437 |      0 |    919 |      0 |   1 | 1437.0 |
               +--------+--------+--------+--------+--------+-----+--------+

Top non-repeatable levels by time:
     D:4: 1487 daAuts
   Sewer: 1437 daAuts
     D:1: 1281 daAuts
     D:3: 1235 daAuts
     D:2: 1044 daAuts
     D:5: 448 daAuts
